 Dungeon Crawl Stone Soup version 0.23-a0-241-g3b46b07 (webtiles) character file.

113 galech the Skirmisher (level 4, -4/35 HPs)
             Began as a Demonspawn Fighter on Sept 26, 2018.
             Slain by an ogre
             ... wielding a +0 giant spiked club
              (22 damage)
             ... on level 3 of the Dungeon.
             The game lasted 00:02:37 (2114 turns).

galech the Skirmisher (Demonspawn Fighter)          Turns: 2114, Time: 00:02:38

Health: -4/35      AC: 11    Str: 16    XL:     4   Next: 65%
Magic:  4/4        EV:  9    Int: 10    God:
Gold:   132        SH:  9    Dex: 13    Spells: 3/3 levels left

rFire    . . .     SeeInvis .   a - +0 rapier
rCold    . . .     Gourm    .   c - +0 shield
rNeg     . . .     Faith    .   b - +0 scale mail
rPois    .         Spirit   .   (helmet restricted)
rElec    .         Reflect  .   h - +0 cloak
rCorr    .         Harm     .   u - +2 pair of gloves
MR       .....                  (no boots)
Stlth    +.........             (no amulet)
HPRegen  0.11/turn              e - ring of stealth
MPRegen  0.09/turn              (no ring)

@: no status effects
A: antennae 1, repulsion field 1, powered by death 1
a: no special abilities


You were on level 3 of the Dungeon.
You were not hungry.

You visited 1 branch of the dungeon, and saw 3 of its levels.

You collected 132 gold pieces.

Inventory:

Hand Weapons
 a - a +0 rapier (weapon)
Armour
 b - a +0 scale mail (worn)
 c - a +0 shield (worn)
 h - a +0 cloak (worn)
 l - a scarf of cloud immunity
 u - a +2 pair of gloves (worn)
Jewellery
 e - a ring of stealth (left hand)
Scrolls
 g - a scroll of enchant armour {unknown}
 i - 6 scrolls of identify {unknown}
 k - a scroll of immolation {unknown}
 n - a scroll of enchant weapon {unknown}
 o - a scroll of amnesia {unknown}
 p - a scroll of fear {unknown}
 q - a scroll of noise {unknown}
 r - 3 scrolls of teleportation {unknown}
 v - a scroll of fog {unknown}
Potions
 d - a potion of might
 j - a potion of brilliance {unknown}
 m - a potion of invisibility {unknown}
 s - 2 potions of lignification
 t - a potion of heal wounds {unknown}
Comestibles
 f - 6 rations


   Skills:
 + Level 3.4 Fighting
 + Level 2.8 Short Blades
 + Level 3.2 Armour
 + Level 0.9 Dodging
 + Level 0.1 Stealth
 + Level 3.4 Shields


You had 3 spell levels left.
You didn't know any spells.
Your spell library was empty.

Dungeon Overview and Level Annotations

Branches:
Dungeon (3/15)

Altars:


Innate Abilities, Weirdness & Mutations

You have a pair of small antennae on your head.
You are surrounded by a mild repulsion field. (EV +2)
You regenerate a little health from kills.


Message History

As you open the door, it creaks loudly!
Found a hand axe.
There is an open door here.
You see here a war axe.
Found a chain mail.
An ogre comes into view. It is wielding a giant spiked club.
You hit the ogre but do no damage.
The ogre hits you with a giant spiked club!
Your shield and scale mail prevent you from hitting the ogre.
You block the ogre's attack.
You hit the ogre.
The ogre is lightly wounded.
You block the ogre's attack.
You puncture the ogre!
The ogre is heavily wounded.
You closely miss the ogre.
The ogre is heavily wounded.
The ogre hits you with a giant spiked club!!
Ouch! That really hurt!
You die...

..## #............# ...
#............####
#..#..........[.##..
#..#............##..
#...............##..
#####.##............##..
........................
####.#.#######.###.##..
#@# #.# #.##.. #O# #.#
#.##.. #.# #.# #.##..
#.# #.# #.##.. #.# #.#
#.###. #.# #.###.###.
..# #.#....... ...
..#+#.###. #.....#...


You could see an ogre.

Vanquished Creatures
  A bullfrog skeleton (D:3)
  3 adders
  A worm (D:2)
  2 leopard geckos
  2 orcs
  2 ball pythons (D:2)
  10 bats
  4 giant cockroaches
  4 goblins
  5 hobgoblins
  3 jackals (D:2)
  8 kobolds
  3 rats (D:1)
48 creatures vanquished.

Notes
Turn   | Place    | Note
-------+----------+-------------------------------------------
     0 | D:1      | galech the Demonspawn Fighter began the quest for the Orb.
     0 | D:1      | Reached XP level 1. HP: 18/18 MP: 1/1
     1 | D:1      | Noticed an electric eel
   147 | D:1      | Gained mutation: You are surrounded by a mild repulsion
                  | field. (EV +2) [demonic ancestry]
   147 | D:1      | Reached XP level 2. HP: 20/24 MP: 2/2
   713 | D:2      | Gained mutation: You regenerate a little health from kills.
                  | [demonic ancestry]
   713 | D:2      | Reached XP level 3. HP: 26/29 MP: 3/3
  1723 | D:3      | Gained mutation: You have a pair of small antennae on your
                  | head. [demonic ancestry]
  1723 | D:3      | Reached XP level 4. HP: 35/35 MP: 4/4
  2107 | D:3      | Noticed an ogre
  2114 | D:3      | Slain by an ogre

Vault maps used:
D:1:      arrival_aquarium_a
D:3:      marbit_many_paths, uniq_jessica

Skill      XL: |  1  2  3 |
---------------+----------+-----
Shields        | 3 |  3.4
Short Blades   | 2 |  2.8
Armour         | 3 |  3.2
Fighting       | |  3.4
Dodging        | |  0.9
Stealth        | |  0.1

Action                   |  1- 3 |  4- 6 || total
-------------------------+-------+-------++-------
Melee: Rapier            |   165 |    41 ||   206
  Use: Potion            |     1 |       ||     1
  Eat: Chunk             |     3 |     1 ||     4
Armor: Scale mail        |    91 |    12 ||   103
Dodge: Dodged            |    58 |    22 ||    80
Block: Shield            |    88 |    32 ||   120

Table legend:
 A = Non-vault XP
 B = Vault XP
 C = Vault XP percentage of total XP
 D = Non-vault monster count
 E = Vault monster count
 F = Vault count percentage of total count
                 A         B        C        D         E       F
            +---------+---------+-------+---------+---------+-------
      Total |     162 |       0 |   0.0 |      48 |       0 |   0.0
            +---------+---------+-------+---------+---------+-------
        D:1 |      26 |       0 |   0.0 |      16 |       0 |   0.0
        D:2 |      60 |       0 |   0.0 |      17 |       0 |   0.0
        D:3 |      76 |       0 |   0.0 |      15 |       0 |   0.0
            +---------+---------+-------+---------+---------+-------
